 Dungeon Crawl Stone Soup version 0.31-a0-965-g8a8ce12e04 (webtiles) character file.

Game seed: 3996034785460115818

77 LadyBoffin the Shooter (level 4, 0/25 HPs)
             Began as a Kobold Hexslinger on Oct 26, 2023.
             Killed from afar by Ijyb (14 damage)
             ... with an iceblast
             ... on level 3 of the Dungeon.
             The game lasted 00:06:21 (1895 turns).

LadyBoffin the Shooter (Kobold Hexslinger)          Turns: 1895, Time: 00:06:22

Health: 0/25       AC:  3    Str:  5    XL:     4   Next: 58%
Magic:  5/5        EV: 14    Int: 14    God:
Gold:   88         SH:  0    Dex: 19    Spells: 5/5 levels left

rFire   . . .        a - +2 sling
rCold   . . .        (no shield)
rNeg    . . .        h - +0 leather armour
rPois   .            (no helmet)
rElec   .            (no cloak)
rCorr   .            (no gloves)
SInv    .            (no boots)
Will    .....        (no amulet)
Stlth   ++           (no ring)
HPRegen 0.24/turn    (no ring)
MPRegen 0.09/turn

%: no passive effects
@: no status effects
A: small, no large weapons, nightstalker 3
a: no special abilities


You were on level 3 of the Dungeon.
You visited 1 branch of the dungeon, and saw 3 of its levels.

You collected 88 gold pieces.

Inventory:

Hand Weapons
 a - a +2 sling (weapon)
Armour
 c - a +0 robe
 h - a +0 leather armour (worn)
Potions
 d - 2 potions of heal wounds
 e - 2 potions of curing
 f - a potion of brilliance {unknown}
 g - a potion of ambrosia {unknown}
 i - a potion of attraction {unknown}
 j - a potion of magic {unknown}


   Skills:
 + Level 1.3 Fighting
 + Level 4.7 Ranged Weapons
 + Level 2.9 Dodging
 + Level 0.1 Stealth
 + Level 1.3 Spellcasting
 + Level 3.6 Hexes
 + Level 1.0 Fire Magic


You had 5 spell levels left.
You didn't know any spells.
Your spell library contained the following spells:

 Spells                   Type           Power      Damage    Failure   Level
 Jinxbite                 Hex            20%        N/A       14%         2
 Sigil of Binding         Hex            10%        N/A       28%         3
 Inner Flame              Hex/Fire       7%         N/A       45%         3
 Cause Fear               Hex            5%         N/A       67%         4
 Dimensional Bullseye     Hex/Tloc       2%         N/A       90%         4


Dungeon Overview and Level Annotations

Branches:
Dungeon (3/15)

Altars:

Annotations:
D:3 Ijyb, Sigmund


Innate Abilities, Weirdness & Mutations

You are small and have problems with some larger weapons.
You are completely attuned to the shadows.


Message History

You now have 79 gold pieces (gained 18).
As you read the scroll of identify, it crumbles to dust.
e - 2 potions of curing
Found a robe.
Fire: a) +2 sling
Press: ? - help, Q - select action Shift-Dir - straight line, f - you
Okay, then.
You now have 88 gold pieces (gained 9).
Ijyb the Twisted Goblin comes into view.
She is wielding a +0 dagger and carrying a wand of iceblast.
Fire: a) +2 sling
Press: ? - help, Q - select action Shift-Dir - straight line, f - Ijyb
Aim: Ijyb, wielding a +0 dagger, wearing a +0 leather armour and carrying a wand of iceblast (asleep, 98% to hit)
Okay, then.
The air fills with toxic fumes!
As you read the scroll of poison, it crumbles to dust.
Fire: a) +2 sling
Press: ? - help, Q - select action Shift-Dir - straight line, f - Ijyb
Aim: Ijyb, wielding a +0 dagger, wearing a +0 leather armour and carrying a wand of iceblast (56% to hit)
You shoot a sling bullet. The sling bullet hits Ijyb.
Ijyb is lightly wounded.
Fire: a) +2 sling
Press: ? - help, Q - select action Shift-Dir - straight line, f/p - Ijyb
Aim: Ijyb, wielding a +0 dagger, wearing a +0 leather armour and carrying a wand of iceblast (lightly wounded, 56% to hit)
You shoot a sling bullet. The sling bullet hits Ijyb!
Ijyb is heavily wounded.
Ijyb zaps a wand.
The mass of ice explodes!
The iceblast engulfs you!
Fire: a) +2 sling
Press: ? - help, Q - select action Shift-Dir - straight line, f/p - Ijyb
Aim: Ijyb, wielding a +0 dagger, wearing a +0 leather armour and carrying a wand of iceblast (heavily wounded, 56% to hit)
You shoot a sling bullet. The sling bullet closely misses Ijyb.
Unknown command.
Fire: a) +2 sling
Press: ? - help, Q - select action Shift-Dir - straight line, f/p - Ijyb
Aim: Ijyb, wielding a +0 dagger, wearing a +0 leather armour and carrying a wand of iceblast (heavily wounded, 56% to hit)
You shoot a sling bullet.
The sling bullet hits Ijyb but does no damage.
Ijyb is heavily wounded.
Ijyb zaps a wand.
The mass of ice explodes!
The iceblast engulfs you!
Ouch! That really hurt!
You die...

.........#...........#.....#
.........#.............###.#
####.##.............†### .#
#.####............# .# #.#
#..#§§§§....[.# .# #.#
#.##§§§☼....#.#
#.######§§☼§§.......#
#...§§##§§§§§.....#..
###.§☼§§@§§§§ #.§☼##§§§§g
#...##§§☼§☼ #######§§§§ #§§§


You could see Ijyb.

Vanquished Creatures
  2 adders (D:2)
  A worm (D:2)
  A dart slug (D:2)
  4 ball pythons
  9 endoplasms
  2 giant cockroaches (D:1)
  8 goblins
  A hobgoblin (D:2)
  3 jackals (D:1)
  5 kobolds
  6 bats
  A frilled lizard (D:2)
  6 rats
49 creatures vanquished.

Notes
Turn   | Place    | Note
-------+----------+-------------------------------------------
     0 | D:1      | LadyBoffin the Kobold Hexslinger began the quest for the
                  | Orb.
     0 | D:1      | Reached XP level 1. HP: 12/12 MP: 2/2
   298 | D:1      | Reached XP level 2. HP: 16/16 MP: 3/3
   320 | D:1      | Reached skill level 3 in Ranged Weapons
   441 | D:1      | Reached XP level 3. HP: 20/20 MP: 4/4
  1168 | D:2      | Reached skill level 4 in Ranged Weapons
  1236 | D:2      | Reached XP level 4. HP: 25/25 MP: 5/5
  1775 | D:3      | Noticed Sigmund
  1890 | D:3      | Noticed Ijyb
  1895 | D:3      | Killed from afar by Ijyb

Illustrated notes

Levels and vault maps discovered:
D:1:      nagdon_arrival_double_spiral, layout_loops_ring,
          minmay_misc_feat_hallway, minivault_14
D:2:      kennysheep_big_flooded_room, layout_basic
D:3:      layout_rooms, uniq_ijyb, uniq_sigmund

Skill      XL: |  1  2  3 |
---------------+----------+-----
Ranged Weapons | 3 4 |  4.7
Fighting       | |  1.3
Dodging        | |  2.9
Stealth        | |  0.1
Spellcasting   | |  1.3
Hexes          | |  3.6
Fire Magic     | |  1.0

Action                     |  1- 3 |  4- 6 || total
---------------------------+-------+-------++-------
   Fire: Sling             |    79 |    38 ||   117
    Use: Scroll            |     2 |     4 ||     6
 Armour: Robe              |    15 |       ||    15
         Leather armour    |       |     7 ||     7
  Dodge: Dodged            |    38 |     7 ||    45

Table legend: (Time is in decaauts)
 A = Elapsed time spent in this place.
 B = Non-inter-level travel time spent in this place.
 C = Inter-level travel time spent in this place.
 D = Time resting spent in this place.
 E = Time spent auto-exploring this place.
 F = Levels seen in this place.
 G = Mean time per level.
                   A        B        C        D        E       F      G
               +--------+--------+--------+--------+--------+-----+--------+
         Total |   1923 |   1826 |     97 |     57 |   1510 |   3 |  641.0 |
       Dungeon |   1923 |   1826 |     97 |     57 |   1510 |   3 |  641.0 |
               +--------+--------+--------+--------+--------+-----+--------+

Top non-repeatable levels by time:
     D:1: 896 daAuts
     D:2: 874 daAuts
     D:3: 153 daAuts
